[Event "European Corporate Championship 2022"]
[Site "Rotterdam"]
[Date "2022.06.19"]
[Round "6.1"]
[White "Van Wely, Loek"]
[Black "Haast, Mark"]
[Result "1/2-1/2"]
[ECO "E11"]
[WhiteElo "2618"]
[BlackElo "2414"]
[Annotator "TA"]
[PlyCount "99"]
[EventDate "2022.06.18"]
[EventType "team-tourn"]
[EventCountry "NED"]
[SourceTitle "playchess.com"]
[Source "ChessBase"]
[SourceQuality "1"]
[TimeControl "900+5"]

1. d4 Nf6 2. c4 e6 3. Nf3 Bb4+ 4. Nbd2 d6 5. g3 Nbd7 6. Bg2 {[%emt 0:00:05] E11: Bogo-Indian.} e5 7. O-O O-O (7... exd4 $11 8. a3 (8. Nxd4 a5 $11) 8... Bc5) 8. a3 ({Better is} 8. Nb3 $1 $14 exd4 9. Nfxd4) 8... Bxd2 $11 9. Bxd2 a5 {[%emt 0:00:38] [#]} 10. dxe5 $146 ({Predecessor:} 10. Qc2 a4 11. c5 dxc5 12. dxe5 Ng4 13. Ng5 g6 14. e6 Nde5 15. exf7+ Nxf7 16. Nxf7 Rxf7 {1-0 (68) Gebigke,M (2114)-Boettcher,P (2173) Berlin 2016}) 10... dxe5 11. Bc3 Qe7 12. b4 Ne4 13. Be1 (13. Bb2 $14 {was preferrable.}) 13... axb4 14. axb4 Rxa1 15. Qxa1 Re8 16. Nd2 Nxd2 17. Bxd2 c6 18. Qa7 f6 (18... Qd6 $11 19. Qe3 h6) 19. b5 $14 cxb5 (19... e4 $14) 20. cxb5 $16 e4 21. Rc1 Qe6 22. Be3 {[%emt 0:01:25] Prevents Nb6.} f5 23. h3 h5 (23... Nf6 $16 {was called for.}) 24. Bd4 $18 h4 25. Qa8 Nf6 26. Qb8 (26. gxh4 $18 f4 27. Bxf6 gxf6 28. Rc3) 26... Nd5 (26... hxg3 $16 {was worth a try.} 27. Qxg3 (27. fxg3 Nh5 $16) 27... Bd7) 27. e3 hxg3 28. Qxg3 Qf7 29. Qb8 (29. Kh2 $16) 29... Be6 $14 30. Qd6 Qd7 {[%emt 0:00:13] [#]} 31. Qg3 Re7 32. Bf1 {[%emt 0:00:03] White is more active.} f4 33. exf4 Nxf4 {[%emt 0:00:02] [#]} 34. Qxf4 $2 (34. Be5 $1 $16 Nh5 35. Qh4) 34... Qxd4 $11 35. Bg2 Rf7 $36 {[%emt 0:00:09][%mdl 2048] Black has the initiative.} 36. Qe3 Qxe3 37. fxe3 {[%emt 0:00:00][%mdl 4096] Endgame KRB-KRB} Rf5 38. Rb1 Re5 39. b6 Bd5 40. Rb5 Kf7 41. Kf2 Kf6 42. Kg3 Bc6 43. Rb4 Rg5+ 44. Kf2 Rf5+ 45. Ke1 Rg5 46. Bf1 Rg3 47. Kf2 (47. Kd2 $11) 47... Rf3+ $15 48. Ke2 Rg3 {[%emt 0:00:01] Prevents Bg2.} 49. Kf2 Rf3+ (49... Rg6 $11) 50. Ke2 {[%emt 0:00:06] White really could win this.  Weighted Error Value: White=0.20 (precise) /Black=0.16 (very precise)} 1/2-1/2

[Event "European Corporate Championship 2022"]
[Site "Rotterdam"]
[Date "2022.06.19"]
[Round "6.2"]
[White "Schouten, Jordy"]
[Black "Lambrechts, Koen"]
[Result "0-1"]
[ECO "B12"]
[WhiteElo "2121"]
[BlackElo "2349"]
[Annotator "TA"]
[PlyCount "78"]
[EventDate "2022.06.18"]
[EventType "team-tourn"]
[EventCountry "NED"]
[SourceTitle "playchess.com"]
[Source "ChessBase"]
[SourceQuality "1"]
[TimeControl "900+5"]

1. e4 c6 2. d4 d5 3. f3 e6 4. Be3 Nf6 5. Nd2 Qb6 6. Bd3 {[%emt 0:00:16] B12: Caro-Kann: Advance Variation.} Qxb2 7. Ne2 Qb6 (7... Qa3 $5 ) 8. O-O {[%emt 0:00:21] The position is equal.} Be7 9. e5 Nfd7 10. f4 c5 {[%emt 0:01:13] [#] White must now prevent ...c4.} 11. Rb1 $146 {[%emt 0:00:32][%mdl 1024] White has compensation.} ({Predecessor:} 11. c4 cxd4 12. Nxd4 Nc6 13. Nf5 Bc5 14. Nd6+ Kf8 15. Bxc5 Qxc5+ 16. Kh1 Nb4 17. Be2 {1-0 (29) Blasco,L-Argueso Pascual,M Spain 1993}) 11... Qc7 {[%emt 0:00:29] aiming for ...c4.} 12. c4 Nb6 13. Qb3 O-O 14. Rfc1 dxc4 15. Nxc4 Nd5 16. Bf2 ({White should play} 16. Be4 $1 $14) 16... Nd7 (16... cxd4 $1 $11 17. Bxd4 Nc6) 17. Nd2 ({Better is} 17. Be4 $14) 17... b6 18. Ne4 (18. Be4 $11) 18... Rd8 19. Rb2 a5 20. Bb1 Ba6 21. f5 exf5 22. N4g3 $2 ({Only move:} 22. Qxd5 $15 fxe4 23. Qxe4 (23. Bxe4 Bg5 $17)) 22... Bb7 $2 (22... Bg5 $1 $19 23. Re1 cxd4 $1 24. Qxd5 Nxe5) 23. Nxf5 $16 Bf8 (23... Bg5 $2 24. Qg3 h6 25. h4 $1 $18) 24. Qh3 $1 $36 {[%emt 0:01:12][%cal Of5e7][%mdl 2048] White wants to mate with Ne7+! White is on the roll.} g6 25. Nh6+ Bxh6 26. Qxh6 Qc6 (26... Re8 $14) 27. Bh4 Re8 (27... Ne3 $2 28. Ng3 Ng4 29. Qf4 $18) 28. Ng3 $1 {[%emt 0:00:33][%cal Og3h5] Intending Nh5! and mate.} ({Resist} 28. Be4 $6 Qe6 $11) 28... Qa4 $2 {[%emt 0:00:21][%mdl 8192] [#]} (28... f5 $16) 29. Rd2 (29. Nh5 $142 $1 Qxd4+ 30. Rf2 Qxe5 31. Bf6 $1 Qe1+ 32. Rxe1 Rxe1+ 33. Rf1 Rxf1+ 34. Kxf1 Ne3+ 35. Kg1 Nf5 36. Bxf5 gxf5 37. Qg7#) 29... Qa3 $18 {[%emt 0:00:07] [#]} 30. Rf1 (30. Rd3 $1 $18 Qxc1+ 31. Qxc1 cxd4 32. Rxd4 Rxe5 33. Ne4) 30... Qe3+ $17 31. Qxe3 Nxe3 32. Rff2 (32. Re1 $17 {keeps fighting.} cxd4 33. Ne4 (33. Rxe3 dxe3 34. Rxd7 Rac8 $17) 33... Rxe5 34. Rxd4) 32... cxd4 $19 33. Rxd4 Nxe5 {[%emt 0:00:01] Threatens to win with ...Rac8. Pair of Knights!} 34. Be4 Bxe4 35. Nxe4 N5g4 {[%emt 0:00:03] ...Rac8 is the strong threat.} 36. Re2 $2 (36. Nd6 Nxf2 37. Nxe8 Nh3+ 38. gxh3 Rxe8 39. Bf6) 36... Nf5 $1 37. Rd7 Rac8 38. Bg5 {[%emt 0:00:04] [#]} (38. Be1 {might work better.}) 38... Re6 $2 (38... Nfe3 $1 {[%mdl 512] ( -> ...Rc1+)} 39. Nf2 Ne5 40. Bxe3 Nxd7) 39. h3 Ne5 {[%emt 0:00:06] What a bad dream for White.  Weighted Error Value: White=0.85/Black=0.65} 0-1

[Event "European Corporate Championship 2022"]
[Site "Rotterdam"]
[Date "2022.06.19"]
[Round "6.3"]
[White "Rietman, Frits"]
[Black "IJzermans, Cees"]
[Result "1-0"]
[ECO "C55"]
[WhiteElo "2237"]
[BlackElo "2115"]
[Annotator "TA"]
[PlyCount "127"]
[EventDate "2022.06.18"]
[EventType "team-tourn"]
[EventCountry "NED"]
[SourceTitle "playchess.com"]
[Source "ChessBase"]
[SourceQuality "1"]
[TimeControl "900+5"]

1. e4 e5 2. Nf3 Nc6 3. Bc4 Be7 4. O-O Nf6 5. d3 O-O 6. Re1 Re8 {[%emt 0:00:14] C55: Two Knights: 4 d3, 4 d4 exd4 5 e5 and Max Lange Attack.} 7. c3 h6 8. b4 ({Better is} 8. a4 $14) 8... d6 (8... d5 $1 $11 9. exd5 Nxd5) 9. Qb3 Rf8 {[%emt 0:00:03] [#]} 10. h3 $146 ({Predecessor:} 10. Nh4 Bd7 11. Ng6 a6 12. Nxf8 Qxf8 13. Qc2 Nd8 14. Nd2 Be6 15. a4 Bxc4 16. Nxc4 {1-0 (27) Franco Valencia,A (2245)-Mercado,L (1926) Antioquia 2016}) 10... a5 11. a3 axb4 12. cxb4 Bd7 (12... Nxb4 $5 13. Qxb4 d5 $15) 13. Bb2 Qb8 14. Qd1 b5 (14... Nh7 {feels hotter.} 15. d4 Ng5 16. Nxg5 Bxg5 17. dxe5 Nxe5 18. Bxe5 Ba4) 15. Bb3 Be6 (15... Nh7 $11 {feels stronger.}) 16. Bxe6 $14 fxe6 17. Qb3 Qc8 18. Nc3 Rb8 19. Rac1 Qd7 20. Ne2 Nh5 $2 {[%emt 0:01:29] [#]} (20... Rb6 $16) 21. d4 (21. Rxc6 $1 $18 {[%mdl 512] is the precise move to win.} Qxc6 22. Qxe6+ Kh7 23. Qxe7) 21... exd4 $16 {[%emt 0:00:34] [#]} 22. Nexd4 (22. Rxc6 $1 $16 Qxc6 23. Qxe6+ Rf7 24. Ne5 (24. Bxd4 Qe8 $14)) 22... Nxd4 $11 23. Nxd4 Nf4 24. Nc6 Rb6 25. Qg3 Nh5 (25... Bg5 $17 26. Nd4 Nh5) 26. Qg6 $2 (26. Nxe7+ $14 {stays ahead.} Qxe7 27. Qb3) 26... Rxc6 (26... Bg5 $1 $17 {[%cal Of8f2] ...Rxf2! is the strong threat.} 27. Qxh5 Bxc1) 27. Qxh5 Bf6 28. e5 (28. Bxf6 $11 Rxf6 29. Qg4 (29. Qxb5 Rxc1 30. Qxd7 Rxe1+ 31. Kh2 Re2 $11)) 28... Rxc1 $15 29. Rxc1 dxe5 (29... Bxe5 $1 $15 30. Bxe5 Rf5) 30. Rd1 (30. Bxe5 {keeps more tension.} Qd2 31. Rd1 Qc2 32. Rf1) 30... Qf7 31. Qxf7+ Rxf7 $11 {[%emt 0:00:01][%mdl 4096] Endgame KRB-KRB} 32. Re1 e4 33. Bxf6 gxf6 34. Rxe4 {[%emt 0:00:02] KR-KR} e5 35. f4 Re7 36. fxe5 Rxe5 $2 {[%emt 0:00:01][%mdl 8192] Black is now going downhill.} (36... fxe5 $14 37. Re2 c6) 37. Rxe5 fxe5 $14 {[%emt 0:00:00] KP-KP} 38. Kf2 Kf7 39. Ke3 Kf6 40. Ke4 h5 41. g3 c6 42. Ke3 Kg5 43. Kf3 Kg6 44. Ke3 Kg5 $1 45. Ke4 Kf6 $1 46. g4 $1 {[%emt 0:00:10] White mates.} h4 {[%emt 0:00:01] [#]} 47. g5+ $1 Kg6 48. Kxe5 Kxg5 {[%emt 0:00:01] [#] K3P-K3P} 49. Ke4 $1 ({Not} 49. Kd6 Kf4 50. Kxc6 Kg3 51. Kxb5 Kxh3 $11) 49... Kf6 50. Kf4 Ke6 51. Kg4 Kd5 52. Kxh4 {[%emt 0:00:01] K3P-KPP} Kc4 53. Kg3 Kb3 54. h4 Kxa3 55. h5 Kxb4 {[%emt 0:00:02] KPP-KP} 56. h6 c5 57. h7 c4 58. h8=Q Kb3 59. Kf2 c3 60. Ke2 Kc2 61. Qd4 Kb3 62. Qd5+ Ka4 63. Kd3 b4 64. Kc2 {[%emt 0:00:02] Weighted Error Value: White=0.44/Black=0.23 (precise)} 1-0

[Event "European Corporate Championship 2022"]
[Site "Rotterdam"]
[Date "2022.06.19"]
[Round "6.4"]
[White "Van den Broek, Rene"]
[Black "Muller, Kenneth"]
[Result "1/2-1/2"]
[ECO "D00"]
[WhiteElo "1980"]
[BlackElo "1884"]
[Annotator "NA RC"]
[PlyCount "69"]
[EventDate "2022.06.18"]
[EventType "team-tourn"]
[EventCountry "NED"]
[SourceTitle "playchess.com"]
[Source "ChessBase"]
[SourceQuality "1"]
[TimeControl "900+5"]

1. d4 d5 2. Bf4 Nf6 3. e3 e6 4. Bd3 c5 5. c3 Nc6 6. Bg3 Bd6 7. f4 b6 8. Nd2 Bb7 9. Qe2 Qe7 10. Ngf3 h6 11. O-O Rc8 12. Ne5 cxd4 13. exd4 Nd7 14. Ba6 Bxa6 15. Qxa6 O-O 16. Ndf3 Nf6 17. Bh4 Nb8 18. Qd3 Qd8 19. f5 Re8 20. Rae1 Nbd7 21. Nxd7 Qxd7 22. Bxf6 gxf6 23. Nh4 e5 24. Qd2 Kh7 25. Re3 e4 26. Rh3 Bf8 27. g4 Qe7 28. Ng2 Bg7 29. Ne3 Qd8 30. Rh5 Rg8 31. h4 Rc6 32. Qf2 Bf8 33. Qf4 Qd6 34. Qxd6 Rxd6 35. Kh2 1/2-1/2

[Event "European Corporate Championship 2022"]
[Site "Rotterdam"]
[Date "2022.06.19"]
[Round "6.5"]
[White "Barski, Radoslaw"]
[Black "Vistisen, Lars"]
[Result "1-0"]
[ECO "C54"]
[WhiteElo "2434"]
[BlackElo "2080"]
[Annotator "TA"]
[PlyCount "63"]
[EventDate "2022.06.18"]
[EventType "team-tourn"]
[EventCountry "NED"]
[SourceTitle "playchess.com"]
[Source "ChessBase"]
[SourceQuality "1"]
[TimeControl "900+5"]

1. e4 e5 2. Nf3 Nc6 3. Bc4 Nf6 4. d3 Bc5 5. O-O O-O 6. c3 d6 7. a4 {[%emt 0:00:02] 7.Re1 is becoming the main line.} a6 8. Re1 {[%emt 0:00:03] C54: Giuoco Piano: 4 c3 Nf6, main lines with 5 d4 and 5 d3.} Be6 9. h3 {[%emt 0:00:25] [#]} (9. Bxe6 $14 {keeps the upper hand.} fxe6 10. b4) 9... Ne7 $146 (9... Nxe4 $1 $17 10. Rxe4 d5) ({Predecessor:} 9... h6 10. Ba2 Re8 11. d4 Bxa2 12. Rxa2 exd4 13. cxd4 Bb4 14. Nc3 Bxc3 15. bxc3 Rxe4 16. Rxe4 Nxe4 {0-1 (35) Williams,A-Kelbl,J (1882) ICCF email 2010}) 10. Bxe6 $14 {[%emt 0:01:51] White is slightly better.} fxe6 11. Qb3 {[%emt 0:00:02][%csl LRb7,LRe6] Hoping for d4.} Qd7 12. d4 Bb6 (12... exd4 $11 13. cxd4 Ba7) 13. a5 $16 Ba7 14. dxe5 dxe5 15. Be3 (15. Qxb7 $2 Rfb8 16. Nxe5 Qd6 $19) (15. Nxe5 $6 {[#]} Bxf2+ $1 16. Kxf2 Ng4+ 17. Kg1 Nxe5 $11) 15... Bxe3 16. Rxe3 Ng6 17. Nbd2 ({Avoid the trap} 17. Qxb7 $2 Rfb8 18. Qxa8 Rxa8 $19) 17... Qc6 18. Qc4 Qd6 19. Qa4 b5 20. axb6 $1 cxb6 21. Qb3 {[%emt 0:00:08] Black must now prevent Nc4.} b5 {[%emt 0:00:12] Inhibits Nc4.} 22. c4 Rab8 23. Qa2 bxc4 (23... Nd7 $16 24. Ra3 (24. Qxa6 Nb6 $16) 24... Nc5) 24. Nxc4 $18 Qc5 25. Qxa6 Nf4 (25... Qc8 $142 26. b3 (26. Ncxe5 Nxe5 27. Nxe5 Rxb2 $18) 26... Ra8 27. Qxa8 Qxa8 28. Rxa8 Rxa8 29. Nfxe5 (29. Ncxe5 Nxe5 30. Nxe5 Ra5 $18) 29... Nxe5) 26. Nfxe5 Rxb2 27. Nxb2 Qxe5 28. Nd3 Nxd3 29. Rxd3 Nxe4 30. Re1 Qf5 31. Rf3 Nc5 (31... Qd5 $142 32. Rxf8+ Kxf8) 32. Qd6 {[%emt 0:01:01] Weighted Error Value: White=0.17 (very precise) /Black=0.37} 1-0

[Event "European Corporate Championship 2022"]
[Site "Rotterdam"]
[Date "2022.06.19"]
[Round "6.6"]
[White "Heer, Stephan"]
[Black "Celinski, Kamil"]
[Result "1-0"]
[ECO "A07"]
[WhiteElo "2047"]
[BlackElo "1907"]
[Annotator "TA"]
[PlyCount "79"]
[EventDate "2022.06.18"]
[EventType "team-tourn"]
[EventCountry "NED"]
[SourceTitle "playchess.com"]
[Source "ChessBase"]
[SourceQuality "1"]
[TimeControl "900+5"]

1. Nf3 Nf6 2. g3 d5 3. Bg2 e6 4. d3 Be7 5. O-O O-O 6. Nbd2 Nc6 7. c3 {[%emt 0:00:12] A07: Réti Opening: New York and Capablanca Systems.} b6 8. e4 Bb7 {[%emt 0:00:17] [#]} 9. e5 $146 {[%emt 0:00:09] The position is equal.} ({Predecessor:} 9. Re1 dxe4 10. Nxe4 Nxe4 11. dxe4 Qxd1 12. Rxd1 e5 13. Be3 Rad8 14. Bf1 Rxd1 15. Rxd1 Rd8 16. Rxd8+ Bxd8 17. Nd2 Kf8 18. f3 Be7 19. Kf2 Bc8 20. Bb5 Nd8 {½-½ (20) Ross,S (1737)-Hoffmann,A (1814) Mittelfranken 2014}) 9... Nd7 10. Re1 a5 11. d4 a4 12. Nf1 b5 13. Ne3 Na5 14. h4 c5 15. Ng5 h6 (15... Nc6 $11) 16. Nh3 $14 cxd4 17. cxd4 (17. Ng4 $5 ) 17... Nc4 {[%emt 0:00:21] [#]} (17... Bb4 $14) 18. Qg4 ({Better is} 18. Ng4 $1 $16 ) 18... Kh8 19. Qh5 f5 {[%emt 0:03:27] Prevents Ng4.} (19... Qe8 $14) 20. Nf4 $18 Qe8 21. Qg6 ({Less strong is} 21. Qxe8 Rfxe8 22. Ng6+ (22. Nxe6 Bb4 $14) (22. Nxc4 bxc4 23. Ng6+ Kg8 $11) 22... Kg8 $14) 21... Ra6 22. Rd1 Kg8 23. Rb1 Qxg6 24. Nxg6 Re8 25. b3 ({White should play} 25. Nc2) 25... Nxe3 $16 26. Bxe3 Bc6 27. Rdc1 {[%emt 0:00:00] White is more active.} Nf8 (27... Ba3 $16 {keeps fighting.}) 28. Nf4 $2 {[%emt 0:00:00] [#]} (28. Nxe7+ $18 Rxe7 29. bxa4) 28... Rb8 (28... axb3 $14 29. axb3 (29. Rxb3 Bd7 $14) 29... Rc8) 29. bxa4 {[%emt 0:00:00][%cal Oc1c6] Rxc6! is the strong threat.} b4 $2 (29... Bd7 $16 {is tougher.}) 30. Bf1 $18 {[%emt 0:00:00] White is clearly winning.} Rxa4 31. Rxc6 Rxa2 32. Nxe6 b3 33. Nxf8 Bxf8 34. Bd3 Ba3 35. Bxf5 b2 36. Be6+ Kf8 37. Bxd5 Ra1 38. Be4 Ke7 39. d5 Rb4 40. Bc5+ {[%emt 0:00:09] Weighted Error Value: White=0.25 (precise) /Black=0.59} 1-0

[Event "European Corporate Championship 2022"]
[Site "Rotterdam"]
[Date "2022.06.19"]
[Round "6.7"]
[White "Wisniewski, Jacek"]
[Black "Liefrink, Feike"]
[Result "1/2-1/2"]
[ECO "C67"]
[WhiteElo "1850"]
[BlackElo "1927"]
[Annotator "TA"]
[PlyCount "93"]
[EventDate "2022.06.18"]
[EventType "team-tourn"]
[EventCountry "NED"]
[SourceTitle "playchess.com"]
[Source "ChessBase"]
[SourceQuality "1"]
[TimeControl "900+5"]

1. e4 e5 2. Nf3 Nc6 3. Bb5 Nf6 4. O-O Nxe4 5. Re1 Nd6 6. Bxc6 dxc6 7. Nxe5 Be7 8. d3 {[%emt 0:00:51] C67: Ruy Lopez: Berlin Defence: 4 0-0 Nxe4.} O-O 9. Nc3 Bf6 {[%emt 0:00:19] [#]} 10. Ng4 $146 {[%emt 0:00:57] The position is equal.} ({Predecessor:} 10. Bf4 Re8 11. Qd2 a5 12. Nf3 Rxe1+ 13. Rxe1 Be6 14. Bg5 a4 15. a3 h6 16. Bxf6 Qxf6 {1-0 (41) Vojtek,P (1511)-Toman,J (1717) Ceske Budejovice 2021}) 10... Bxg4 11. Qxg4 Qc8 12. Qf3 Qd7 13. Bd2 Rfe8 14. h3 Rxe1+ 15. Rxe1 Re8 16. Rxe8+ Qxe8 17. Qe3 b6 18. b3 Qd7 19. Ne4 Be7 20. Bc3 Qe6 21. Qg3 {[%emt 0:00:42][%csl Gc3][%cal Rg3g7] [#]} Bf8 22. Nf6+ Kh8 23. Nh5 Qg6 24. Qf3 Kg8 25. Nf4 (25. g4 {feels hotter.} Nb5 26. Bb2 c5 27. Qd5) 25... Qf5 26. Qe3 Qd7 27. Ne2 Qe7 28. Qf3 Qd7 29. Nd4 c5 30. Nc6 a5 31. Ne5 Qe6 32. a4 Nf5 33. Qe4 Bd6 34. Qa8+ Bf8 35. Qd8 Qe7 36. Qc8 Nd6 37. Qd7 Qxd7 38. Nxd7 f6 39. Nxf8 Kxf8 $11 {[%emt 0:00:01][%mdl 4096] Endgame KB-KN} 40. Kf1 Ke7 41. Ke2 Ke6 42. g4 g6 43. Ke3 f5 44. f3 {[%emt 0:00:04] White is slightly better.} fxg4 45. fxg4 Nf7 46. Kf4 c6 47. h4 {[%emt 0:00:04] Weighted Error Value: White=0.07 (flawless) /Black=0.07 (flawless)} 1/2-1/2

[Event "European Corporate Championship 2022"]
[Site "Rotterdam"]
[Date "2022.06.19"]
[Round "6.9"]
[White "Afek, Yochanan"]
[Black "Nijboer, Friso"]
[Result "0-1"]
[ECO "B07"]
[WhiteElo "2210"]
[BlackElo "2464"]
[Annotator "TA"]
[PlyCount "36"]
[EventDate "2022.06.18"]
[EventType "team-tourn"]
[EventCountry "NED"]
[SourceTitle "playchess.com"]
[Source "ChessBase"]
[SourceQuality "1"]
[TimeControl "900+5"]

1. e4 d6 2. d4 Nf6 3. Nc3 g6 4. Bg5 h6 5. Be3 c6 6. f3 {[%emt 0:00:27] B07: Pirc Defence: Miscellaneous Systems.} Nbd7 7. Qd2 Bg7 8. O-O-O (8. a4 $14) 8... b5 9. e5 b4 $1 {[%emt 0:00:02] [#]} 10. Nce2 $146 (10. exf6 $11 bxc3 11. Qxc3 Nxf6 12. Qxc6+ Bd7 13. Qa6) ({Predecessor:} 10. Ne4 Nd5 11. exd6 f5 12. Nc5 Nxc5 13. dxc5 Qa5 14. Bc4 {0-1 (28) Prieto,E (2064)-Gavrish,L (2158) Barcelona 2016}) 10... Nd5 $17 11. exd6 exd6 (11... N7b6 $142 {...Nc4 is the strong threat.} 12. Bf2 Nc4 13. d7+ Qxd7) 12. Bf2 ({White should play} 12. Nf4) 12... Qa5 13. Kb1 Rb8 {[%emt 0:00:01] Strongly threatening ...0-0. Black is more active.} 14. b3 $2 (14. Re1 $17 {might work better.}) 14... O-O $19 15. Qc1 (15. h4 {was worth a try.} Ba6 16. h5) 15... Re8 16. h4 Ba6 {[%emt 0:00:02] [#] White must now prevent ...Bxe2.} 17. Be1 (17. Ka1 $142) 17... Ne3 18. Nh3 Nxf1 {[%emt 0:04:51] White got outplayed after the opening.  Weighted Error Value: White=0.80/Black=0.12 (very precise)} 0-1

[Event "European Corporate Championship 2022"]
[Site "Rotterdam"]
[Date "2022.06.19"]
[Round "6.10"]
[White "De Vreugt, Dennis"]
[Black "Theulings, Paul-Peter"]
[Result "1-0"]
[ECO "E06"]
[WhiteElo "2393"]
[BlackElo "2063"]
[Annotator "TA"]
[PlyCount "75"]
[EventDate "2022.06.18"]
[EventType "team-tourn"]
[EventCountry "NED"]
[SourceTitle "playchess.com"]
[Source "ChessBase"]
[SourceQuality "1"]
[TimeControl "900+5"]

1. d4 Nf6 2. g3 d5 3. Bg2 e6 4. Nf3 Be7 5. c4 O-O 6. O-O b6 7. Bf4 {[%emt 0:00:28] E06: Closed Catalan: Early deviations.} Bb7 8. Nbd2 Na6 {[%emt 0:00:24] [#]} 9. Rc1 $146 {[%emt 0:00:04] The position is equal.} ({Predecessor:} 9. Ne5 c5 10. Nb3 Rc8 11. Rc1 Nh5 12. Bd2 Bd6 13. e4 Bxe5 14. dxe5 {1-0 (55) Pirozzi,D-Bertinetti,C Argentina 2001}) 9... c5 10. Ne5 cxd4 11. Nb3 Ne4 (11... Nc5 $11) 12. Nxd4 $14 Bf6 13. Ndc6 Qe8 14. cxd5 {[%emt 0:00:25] White is more active.} exd5 15. Qxd5 Bxe5 ({Better is} 15... Nec5) 16. Qxe4 ({Resist} 16. Bxe5 $6 Nac5 17. Bxe4 Bxc6 18. Qxc6 Qxe5 19. Qxa8 Rxa8 20. Bxa8 Qxb2 $14) 16... Bxc6 17. Rxc6 ({Don't play} 17. Qxe5 $6 Qxe5 18. Bxe5 Bxg2 19. Kxg2 Rfe8 $14) (17. Qxc6 {seems wilder.} Bxf4 18. gxf4 Rd8 19. Qc4) 17... Bxf4 18. gxf4 Qxe4 19. Bxe4 Rfe8 20. Bf3 Rad8 21. a3 Rd2 (21... Nc5 $16) 22. b4 $18 Ra2 {[%emt 0:00:41] [#]} (22... Kf8 $142 23. Rfc1 g6) 23. Rc3 $1 g6 24. Rd1 {[%emt 0:00:07] Strongly threatening Rd7.} Re7 {[%emt 0:00:27] Prevents Rd7.} 25. Rd8+ Kg7 26. Rdc8 {[%emt 0:00:03] Prevents Nc7.} h5 27. Kg2 Rd2 28. Ra8 Rd6 29. e3 Kf6 30. e4 {[%emt 0:01:43] [#] And now e5+ would win.} Kg7 31. e5 Rd2 $2 (31... Rd4 32. f5 gxf5 33. Bxh5 Nc7 34. Rg3+ (34. Rxa7 Rdd7 $18) 34... Kh7 35. Rxa7 Kh6) 32. Rcc8 {[%emt 0:00:19] White wants to mate with Rg8+. White is clearly winning.} f5 33. Rg8+ Kh7 34. Rh8+ Kg7 35. Rag8+ Kf7 36. Rh7+ Kxg8 37. Rxe7 Rd3 (37... Rc2 $142 38. Bd5+ Kf8 39. Rf7+ Ke8) 38. Be2 {[%emt 0:00:37] Weighted Error Value: White=0.08 (flawless) /Black=0.31} 1-0

[Event "European Corporate Championship 2022"]
[Site "Rotterdam"]
[Date "2022.06.19"]
[Round "6.11"]
[White "Malachi, Avraham"]
[Black "Jonkman, Harmen"]
[Result "0-1"]
[ECO "C65"]
[WhiteElo "1997"]
[BlackElo "2384"]
[Annotator "TA"]
[PlyCount "84"]
[EventDate "2022.06.18"]
[EventType "team-tourn"]
[EventCountry "NED"]
[SourceTitle "playchess.com"]
[Source "ChessBase"]
[SourceQuality "1"]
[TimeControl "900+5"]

1. e4 e5 2. Nf3 Nc6 3. Bb5 Nf6 4. Qe2 Bc5 5. O-O Nd4 6. Nxd4 {[%emt 0:00:07] C65: Ruy Lopez: Berlin Defence (3...Nf6), unusual lines and 4 0-0 Bc5.} Bxd4 7. c3 Bb6 8. d3 {[%emt 0:00:12][%cal Od3d4] The position is equal.} (8. d4 $5) 8... c6 9. Ba4 {[%emt 0:00:35] [#]} h6 $146 ({Predecessor:} 9... O-O) 10. Be3 d6 11. Nd2 O-O 12. Bxb6 Qxb6 13. Nc4 Qc7 {[%emt 0:00:01] [#] Threatens to win with ...b5.} 14. Bb3 Re8 15. Qf3 d5 16. Ne3 dxe4 (16... d4 $5 17. Nf5 Bxf5 18. Qxf5 Rad8 $11) 17. dxe4 a5 18. a4 Qb6 19. Ra3 Qc5 20. Raa1 Bd7 21. Ba2 Rad8 22. Rad1 Bc8 23. h3 Kf8 24. Rxd8 Rxd8 25. Rd1 Rxd1+ 26. Qxd1 Ke7 {[%emt 0:00:06] Inhibits Qd8+.} (26... Qe7 $11 {remains equal.}) 27. Qd3 ({White must play} 27. Qb3 $16) 27... b5 28. axb5 cxb5 29. Nd5+ Nxd5 30. Bxd5 $14 {[%emt 0:00:07][%mdl 4096] Endgame KQB-KQB} b4 31. cxb4 axb4 32. Qg3 Qc1+ 33. Kh2 Qf4 34. Qxf4 exf4 $11 {[%emt 0:00:02] KB-KB} 35. f3 $2 (35. g3 $11) 35... f6 (35... Be6 $19 {Hoping for ...Bxd5.} 36. Bb7 Kd6) 36. g3 fxg3+ 37. Kxg3 Kd6 38. f4 $2 (38. h4 $17 {was necessary.}) 38... Kc5 $19 39. h4 Kd4 {[%emt 0:00:02] aiming for ...f5.} 40. Kf3 {[%emt 0:00:20] [#]} Ba6 $2 (40... f5 $1 $19 {Strongly threatening ...Ba6.} 41. Bc6 Kd3) 41. Bb3 $2 ({White should try} 41. Bc6 $1 $15) 41... Bb7 42. Bc2 f5 {[%emt 0:00:03] Weighted Error Value: White=0.68/Black=0.33} 0-1